 Dungeon Crawl Stone Soup version 0.31-a0-1098-g6898e6545c (webtiles) character file.

Game seed: 11016675933472714621

903 Dirtsage the Changeling (level 8, -2/54 HPs)
             Began as an Octopode Shapeshifter on Nov 30, 2023.
             Slain by a steam dragon (3 damage)
             ... on level 6 of the Dungeon.
             The game lasted 00:07:55 (5723 turns).

Dirtsage the Changeling (Octopode Shapeshifter)     Turns: 5723, Time: 00:07:55

Health: -2/54      AC:  1    Str: 13    XL:     8   Next: 7%
Magic:  17/17      EV: 13    Int: 12    God:
Gold:   194        SH:  0    Dex: 14    Spells: 7/7 levels left

rFire   . .          .
                       - Unarmed
rCold   . . .        (no shield)
rNeg    . . .        (helmet currently unavailable)
rPois   .            (no amulet)
rElec   .            v - ring of magical power
rCorr   .            (no ring)
SInv    .            (no ring)
Will    .....        (no ring)
Stlth   ++           (no ring)
HPRegen 0.29/turn    (no ring)
MPRegen 0.15/turn    (no ring)
                     (no ring)

%: no passive effects
@: beast-form
A: beast (slay +3), almost no armour, amphibious, 8 rings, camouflage 1,
gelatinous body 1, (nimble swimmer 1), tentacles
a: Begin Untransformation


You were on level 6 of the Dungeon.
You were a hulking beast.
You visited 1 branch of the dungeon, and saw 6 of its levels.
You also visited: Sewer.

You collected 194 gold pieces.

Inventory:

Magical Staves
 m - a staff of earth
Jewellery
 r - a ring of ice
 v - a ring of magical power (left tentacle)
Talismans
 b - a beast talisman
 c - a flux talisman
Wands
 w - a wand of flame (15)
Scrolls
 d - 5 scrolls of identify {unknown}
 f - 2 scrolls of torment {unknown}
 g - 2 scrolls of blinking {unknown}
 h - 4 scrolls of fear {unknown}
 k - 3 scrolls of noise {unknown}
 o - 4 scrolls of enchant weapon {unknown}
 p - 2 scrolls of amnesia {unknown}
 q - a scroll of brand weapon {unknown}
 t - a scroll of silence {unknown}
 u - a scroll of fog {unknown}
 x - a scroll of enchant armour {unknown}
Potions
 a - a potion of lignification
 e - a potion of degeneration {unknown}
 i - a potion of magic {unknown}
 j - 2 potions of attraction
 l - a potion of heal wounds
 n - 2 potions of resistance
 s - a potion of berserk rage {unknown}
 z - a potion of curing {unknown}
 A - a potion of haste {unknown}


   Skills:
 + Level 4.0 Fighting
 - Level 2.0 Dodging
 + Level 5.0 Unarmed Combat
 + Level 3.2 Translocations
 * Level 6.1 Shapeshifting


You had 7 spell levels left.
You didn't know any spells.
Your spell library contained the following spells:

 Spells                   Type           Power      Damage    Failure   Level
 Sublimation of Blood     Necr           0%         N/A       45%         2
 Wereblood                Tmut           0%         N/A       45%         2
 Summon Forest            Summ/Tloc      1%         N/A       99%         5
 Summon Mana Viper        Hex/Summ       0%         N/A       100%        5
 Summon Cactus Giant      Summ           0%         N/A       100%        6
 Summon Hydra             Summ           0%         N/A       100%        7


Dungeon Overview and Level Annotations

Branches:
Dungeon (6/15)              Sewer (visited)
 Temple: D:4-7

Altars:
Ru

Shops:
D:1 :   D:3 (   D:4 :   D:5 [

Annotations:
D:3 1 runed translucent door, Crazy Yiuf
D:6 Eustachio


Innate Abilities, Weirdness & Mutations

You are a hulking beast.
Your limbs bulge with bestial killing power. (Slay +3)
You cannot wear most types of armour.
You are amphibious.
You can wear up to eight rings at the same time.
Your skin changes colour to match your surroundings (Stealth+).
Your rubbery body absorbs attacks. (AC +1, EV +1)
((You are camouflaged when in or above water. (Stealth+)))
You have tentacles for arms and can constrict up to eight enemies at once.


Message History

Okay, then.
The steam dragon breathes steam at you. The ball of steam hits you!!
You take 23 damage, and have 31/54 hp.
MASSIVE DAMAGE!!
The steam dragon barely misses you. The steam dragon claws you.
You take 1 damage, and have 30/54 hp.
You tentacle-slap the steam dragon but do no damage.
Your squeeze misses the steam dragon. The steam dragon closely misses you.
The steam dragon claws you.
You take 3 damage, and have 27/54 hp.
You tentacle-slap the steam dragon. You squeeze the steam dragon!
The steam dragon is heavily wounded.
You barely miss the steam dragon.
The steam dragon is heavily wounded.
The steam dragon bites you. The steam dragon claws you.
You take 4 damage, and have 23/54 hp.
You closely miss the steam dragon.
The steam dragon is heavily wounded.
The steam dragon bites you. The steam dragon barely misses you.
You take 5 damage, and have 18/54 hp.
You tentacle-slap the steam dragon but do no damage.
The steam dragon is heavily wounded.
The steam dragon breathes steam at you. The ball of steam hits you!
* * * LOW HITPOINT WARNING * * *
You take 8 damage, and have 10/54 hp.
Eustachio the Magnificent comes into view.
He is wielding a +0 rapier.
The steam dragon barely misses you. The steam dragon claws you.
* * * LOW HITPOINT WARNING * * *
You take 5 damage, and have 5/54 hp.
The steam dragon closely misses you. x2
You tentacle-slap the steam dragon. Your squeeze misses the steam dragon.
The steam dragon is heavily wounded.
You are engulfed in a cloud of scalding steam.
* * * LOW HITPOINT WARNING * * *
The steam dragon barely misses you. The steam dragon claws you.
* * * LOW HITPOINT WARNING * * *
You take 4 damage, and have 1/54 hp.
The steam dragon bites you.
You die...

####........))###....
##.#...........###....
#..#...#>.....)##.....
#......###.....##.....
##.....##
##.#......... #......#
#######..... ##.<#..#
##..~P≈###... #..#.##
#...PP^^P#### #.[.§h##
##..~...PP~.≈
####§§D###.@..§.§§.D..
##...@....P~P......
##§.......P#######
##......#### #.......#
#.......# #.......##
##....###


You could see Eustachio and a steam dragon.

Vanquished Creatures
  Pargi (Sewer)
  An ogre (D:5)
  A phantom (D:5)
  A centaur (D:5)
  3 scorpions
  A killer bee (D:5)
  An iguana (D:6)
  A sleepcap (D:5)
  Ijyb (D:5)
  2 orc wizards (D:5)
  8 adders
  3 gnolls (D:5)
  3 river rats (D:5)
  A worm (D:5)
  3 dart slugs
  15 orcs
  3 bats
  2 endoplasms
  3 giant cockroaches
  8 hobgoblins
  4 jackals (D:4)
  6 kobolds
  3 quokkas
  4 ball pythons
  3 frilled lizards
  7 goblins
  5 rats
94 creatures vanquished.

Notes
Turn   | Place    | Note
-------+----------+-------------------------------------------
     0 | D:1      | Dirtsage the Octopode Shapeshifter began the quest for the
                  | Orb.
     0 | D:1      | Reached XP level 1. HP: 13/13 MP: 1/1
   214 | D:1      | Reached XP level 2. HP: 8/18 MP: 2/2
   325 | D:1      | Found Calitim's Book Emporium.
  1044 | D:2      | Reached XP level 3. HP: 14/23 MP: 3/3
  1343 | D:2      | Found a faded altar of an unknown god.
  1994 | D:3      | Reached XP level 4. HP: 19/29 MP: 4/4
  2245 | D:3      | Found Nitesiu's Antique Weapon Shoppe.
  2626 | D:3      | Reached skill level 4 in Shapeshifting
  2647 | D:3      | Found a runed translucent door.
  2648 | D:3      | Noticed Crazy Yiuf
  2754 | D:4      | Found Filo's Book Emporium.
  2861 | D:4      | Noticed a scorpion
  2870 | D:4      | Killed a scorpion
  2871 | D:4      | Reached skill level 1 in Translocations
  2871 | D:4      | Reached XP level 5. HP: 29/35 MP: 5/5
  3562 | D:5      | Entered Level 5 of the Dungeon
  3562 | D:5      | Found Ykhlas's Armour Shop.
  3760 | D:5      | Found a glowing drain.
  3764 | D:5      | Reached XP level 6. HP: 41/41 MP: 6/6
  3770 | Sewer    | Entered a sewer
  3800 | Sewer    | Noticed Pargi
  3806 | Sewer    | Killed Pargi
  4097 | D:5      | Reached skill level 5 in Shapeshifting
  4198 | D:5      | Noticed Ijyb
  4208 | D:5      | Reached XP level 7. HP: 42/46 MP: 7/7
  4217 | D:5      | Killed Ijyb
  4358 | D:5      | Found a sacrificial altar of Ru.
  5159 | D:6      | Reached skill level 6 in Shapeshifting
  5210 | D:6      | Reached XP level 8. HP: 23/54 MP: 8/8
  5498 | D:5      | Reached skill level 5 in Unarmed Combat
  5504 | D:5      | HP: 2/54 [poisoned by a killer bee]
  5720 | D:6      | Noticed Eustachio
  5722 | D:6      | HP: 1/54 [steam dragon (4)]
  5723 | D:6      | Slain by a steam dragon

Illustrated notes

Levels and vault maps discovered:
D:1:      roderic_crossed_star, layout_basic, serial_shops,
          nicolae_book_shop_shelving
D:2:      layout_loops_ring, nicolae_ecumenical_pavilion
D:3:      layout_loops_cross, serial_shops, nicolae_square_shop, serial_bayou,
          serial_bayou_lake_a, serial_bayou_pond_e, serial_bayou_shore_a,
          serial_bayou_lagoon_a, uniq_crazy_yiuf_cottage
D:4:      layout_cave_pods, serial_shops, nicolae_shop_window_shopping
D:5:      layout_rooms, lemuel_crystal_altar, gup_sewer_entry_bubbles,
          serial_shops, nicolae_shop_tiny_glass, uniq_ijyb
D:6:      kennysheep_steamy, layout_cave_pools, minmay_temple_entry_statues,
          nrook_pool_corridor, minivault_26, uniq_jeremiah, uniq_pikel,
          uniq_eustachio

Skill      XL: |  1  2  3  4  5  6  7  8 |
---------------+-------------------------+-----
Fighting       | 2 3 4 |  4.0
Shapeshifting  | 4 5 6 |  6.1
Translocations | 1 2 3 |  3.2
Unarmed Combat | 4 5 |  5.0
Dodging        | |  2.0

Action                     |  1- 3 |  4- 6 |  7- 9 || total
---------------------------+-------+-------+-------++-------
  Melee: Unarmed           |    72 |    79 |    79 ||   230
         Constrict         |    19 |    15 |    24 ||    58
         Tentacles         |    11 |    21 |    31 ||    63
         Punch             |     4 |     3 |     2 ||     9
  Evoke: Wand              |       |       |     1 ||     1
    Use: Potion            |       |     2 |     2 ||     4
   Stab: Sleeping          |     8 |     9 |     4 ||    21
 Armour: Skin              |    27 |    36 |    70 ||   133
  Dodge: Dodged            |    24 |    38 |    57 ||   119

Table legend: (Time is in decaauts)
 A = Elapsed time spent in this place.
 B = Non-inter-level travel time spent in this place.
 C = Inter-level travel time spent in this place.
 D = Time resting spent in this place.
 E = Time spent auto-exploring this place.
 F = Levels seen in this place.
 G = Mean time per level.
                   A        B        C        D        E       F      G
               +--------+--------+--------+--------+--------+-----+--------+
         Total |   5704 |   5564 |    140 |    662 |   4183 |   7 |  814.9 |
       Dungeon |   5446 |   5306 |    140 |    662 |   3951 |   6 |  907.7 |
         Sewer |    258 |    258 |      0 |      0 |    232 |   1 |  258.0 |
               +--------+--------+--------+--------+--------+-----+--------+

Top non-repeatable levels by time:
     D:5: 1476 daAuts
     D:1: 1021 daAuts
     D:3: 932 daAuts
     D:4: 829 daAuts
     D:2: 771 daAuts
     D:6: 415 daAuts
   Sewer: 258 daAuts
